 Dungeon Crawl Stone Soup version 0.30-a0-168-g0b976cbdc4 (webtiles) character file.

Game seed: 10328099076452488908

27 dave1331 the Chopper (level 3, -2/27 HPs)
             Began as a Hill Orc Reaver on Sept 29, 2022.
             Was a Follower of Hepliaklqana.
             Slain by a gnoll
             ... wielding a +0 halberd
              (6 damage)
             ... on level 2 of the Dungeon.
             The game lasted 00:07:01 (778 turns).

dave1331 the Chopper (Hill Orc Reaver)               Turns: 778, Time: 00:07:02

Health: -2/27      AC: 15    Str: 14    XL:     3   Next: 10%
Magic:  5/5        EV:  3    Int: 13    God:    Hepliaklqana [*.....]
Gold:   45         SH:  0    Dex: 11    Spells: 4/5 levels left

rFire   . . .      SeeInvis .    f - +0 short sword (protect)
rCold   . . .      Faith    .    (no shield)
rNeg    . . .      Spirit   .    d - +0 chain mail
rPois   .          Reflect  .    (no helmet)
rElec   .          Harm     .    (no cloak)
rCorr   .          Rampage  .    (no gloves)
Will    .....                    (no boots)
Stlth   ..........               (no amulet)
HPRegen 0.09/turn                (no ring)
MPRegen 0.09/turn                (no ring)

@: under a protective aura, held
A: reduced essence
a: Renounce Religion, Recall Ancestor, Ancestor Identity


You were on level 2 of the Dungeon.
You worshipped Hepliaklqana.
Hepliaklqana was aware of your devotion.
You visited 1 branch of the dungeon, and saw 2 of its levels.

You collected 45 gold pieces.

Inventory:

Hand Weapons
 a - a +0 hand axe
 f - a +0 short sword of protection (weapon)
Missiles
 c - a throwing net (quivered)
Armour
 b - a +0 leather armour
 d - a +0 chain mail (worn)
Scrolls
 e - a scroll of poison {unknown}
Potions
 g - a potion of resistance {unknown}
 h - a potion of heal wounds {unknown}


   Skills:
 + Level 2.8 Fighting
 + Level 4.3 Axes
 + Level 1.9 Dodging
 + Level 1.8 Spellcasting
 + Level 3.2 Conjurations


You had 4 spell levels left.
You knew the following spells:

 Your Spells              Type           Power      Damage    Failure   Level
a - Kiss of Death         Conj/Necr      20%        2d7       99%         1

Your spell library contained the following spells:

 Spells                   Type           Power      Damage    Failure   Level
 Momentum Strike          Conj/Tloc      10%        3d8       99%         2
 Hailstorm                Conj/Ice       5%         3d4       100%        3


Dungeon Overview and Level Annotations

Branches:
Dungeon (2/15)

Altars:
Hepliaklqana


Message History

You barely miss the quokka.
The quokka is moderately wounded.
The quokka closely misses you. The dart slug launches a dart at you.
The slug dart hits you but does no damage.
The gnoll throws a throwing net.
The throwing net hits you.
You become entangled in the net!
You struggle against the net.
The quokka bites you but does no damage.
You struggle against the net.
The quokka bites you but does no damage.
The dart slug launches a dart at you.
The slug dart hits you but does no damage.
The quokka bites you.
You tear a large gash into the net.
The quokka bites you but does no damage.
You shred the net and break free!
The quokka bites you but does no damage.
The gnoll hits you from afar with a +0 halberd!
You hit the quokka.
Your weapon exudes an aura of protection.
The quokka is almost dead.
The quokka barely misses you. The dart slug launches a dart at you.
The slug dart misses you. The gnoll hits you with a +0 whip.
The gnoll hits you from afar with a +0 halberd.
You hit the quokka.
You kill the quokka!
A hobgoblin comes into view.
The gnoll hits you from afar with a +0 halberd.
The hobgoblin shouts!
You hit the gnoll.
The gnoll is moderately wounded.
The gnoll hits you from afar with a +0 halberd!
* * * LOW HITPOINT WARNING * * *
The gnoll hits you but does no damage.
The gnoll throws a throwing net.
The throwing net hits you.
You become entangled in the net!
You tear a large gash into the net.
The gnoll hits you from afar with a +0 halberd.
You die...

..) ... ... #.#
#.# #.# #.# #R#
#@#
......ggw......
.#...>g........
####...####.##
#...# # ..g.#
#..... #...##


You could see the friendly Centenhua the ancestor, 3 gnolls, a dart slug and a
hobgoblin.

Vanquished Creatures
  4 bats (D:1)
  3 endoplasms (D:1)
  3 giant cockroaches (D:1)
  A hobgoblin (D:1)
  4 quokkas
  3 ball pythons (D:1)
  3 goblins (D:1)
  2 kobolds (D:1)
23 creatures vanquished.

Vanquished Creatures (collateral kills)
  A kobold (D:1)
1 creature vanquished.

Grand Total: 24 creatures vanquished

Notes
Turn   | Place    | Note
-------+----------+-------------------------------------------
     0 | D:1      | dave1331 the Hill Orc Reaver began the quest for the Orb.
     0 | D:1      | Reached XP level 1. HP: 18/18 MP: 3/3
   172 | D:1      | Reached XP level 2. HP: 11/25 MP: 4/4
   402 | D:1      | Found a faded altar of an unknown god.
   424 | D:1      | Prayed at the altar of an unknown god.
   424 | D:1      | Became a worshipper of Hepliaklqana the Forgotten
   424 | D:1      | Reached * piety under Hepliaklqana
   455 | D:1      | Reached XP level 3. HP: 16/27 MP: 5/5
   778 | D:2      | Slain by a gnoll

Illustrated notes

Levels and vault maps discovered:
D:1:      dpeg_arrival_rooms_c, layout_basic, chequers_ecumenical_altar_island,
          minmay_tree_intersection, minmay_pentomino_p4
D:2:      layout_loops_ring, chequers_serial_rivers_room_b,
          minmay_fractal_squares_gapless_5, uniq_jessica

Action                   || total
-------------------------++-------
Melee: Hand axe          ||    59
       Short sword       ||     9
Armor: Leather armour    ||    12
       Chain mail        ||    27
Dodge: Dodged            ||    49

Table legend: (Time is in decaauts)
 A = Elapsed time spent in this place.
 B = Non-inter-level travel time spent in this place.
 C = Inter-level travel time spent in this place.
 D = Time resting spent in this place.
 E = Time spent auto-exploring this place.
 F = Levels seen in this place.
 G = Mean time per level.
                   A        B        C        D        E       F      G
               +--------+--------+--------+--------+--------+-----+--------+
         Total |    788 |    164 |    624 |      0 |      0 |   2 |  394.0 |
       Dungeon |    788 |    164 |    624 |      0 |      0 |   2 |  394.0 |
               +--------+--------+--------+--------+--------+-----+--------+

Top non-repeatable levels by time:
     D:1: 777 daAuts
     D:2: 10 daAuts
